| TOP OF THE 1ST |
|
Great Lakes Loons batting - Pitching for Greensboro Grasshoppers : RHP Earl Shepherd
|
|
Pitching: RHP Earl Shepherd
|
|
|
Batting: RHB Ken Jenkins
|
0-0: Ground out 1-3 (Groundball, 25, EV 66.9 MPH)
|
|
Batting: LHB Antonio Luis
|
0-0: Called Strike 0-1: Ball 1-1: Ball 2-1: Called Strike 2-2: Foul Ball, location: 2F 2-2: Ball 3-2: Strikes out swinging
|
|
Batting: RHB Mike Sims
|
0-0: Foul Ball, location: 2F 0-1: Ball 1-1: Ball 2-1: Reached on error, E2 (Groundball, 2R, EV 67.5 MPH)
|
|
Batting: LHB Jim Chalk
|
0-0: Ball 1-0: Ground out 6-3 (Groundball, 6, EV 93.1 MPH)
|
| Top of the 1st over - 0 runs, 0 hits, 1 error, 1 left on base; Great Lakes 0 - Greensboro 0 |
| BOTTOM OF THE 1ST |
|
Greensboro Grasshoppers batting - Pitching for Great Lakes Loons : RHP Servaas Morrow
|
|
Pitching: RHP Servaas Morrow
|
|
|
Batting: RHB Tom Thompson
|
0-0: Ball 1-0: Called Strike 1-1: Ball 2-1: Foul Ball, location: 2F 2-2: Ball 3-2: Strikes out swinging
|
|
Batting: RHB Torquato Obawole
|
0-0: Ball 1-0: Swinging Strike 1-1: Ball 2-1: Swinging Strike 2-2: Strikes out swinging
|
|
Batting: RHB Isaiah Brockman
|
0-0: Foul Ball, location: 2F 0-1: Called Strike 0-2: Ball 1-2: Foul Ball, location: 2F 1-2: Strikes out swinging
|
| Bottom of the 1st over - 0 runs, 0 hits, 0 errors, 0 left on base; Great Lakes 0 - Greensboro 0 |
| TOP OF THE 2ND |
|
Great Lakes Loons batting - Pitching for Greensboro Grasshoppers : RHP Earl Shepherd
|
|
Batting: LHB Alberto Chavez
|
0-0: Ball 1-0: Called Strike 1-1: Ball 2-1: Swinging Strike 2-2: Foul Ball, location: 2F 2-2: Foul Ball, location: 2F 2-2: Ball 3-2: Foul Ball, location: 2F 3-2: Strikes out looking
|
|
Batting: RHB Ashton Crenshaw
|
0-0: Ball 1-0: Fly out, F7 (Line Drive, 7D, EV 93.1 MPH)
|
|
Batting: RHB Phil Knox
|
0-0: Ball 1-0: TRIPLE (Line Drive, 9LD, EV 106.3 MPH)
|
|
Batting: RHB Sean Tanner
|
0-0: Hit by Pitch
|
|
Batting: RHB Santos Guadalupe
|
0-0: Ball 1-0: Swinging Strike 1-1: Ball 2-1: Foul Ball, location: 2F 2-2: Foul Ball, location: 2F 2-2: Foul Ball, location: 2F 2-2: Hit by Pitch Sean Tanner to second
|
|
Batting: RHB Ken Jenkins
|
0-0: Swinging Strike 0-1: Swinging Strike 0-2: Strikes out looking
|
| Top of the 2nd over - 0 runs, 1 hit, 0 errors, 3 left on base; Great Lakes 0 - Greensboro 0 |
| BOTTOM OF THE 2ND |
|
Greensboro Grasshoppers batting - Pitching for Great Lakes Loons : RHP Servaas Morrow
|
|
Batting: RHB Jake Shelton
|
0-0: Called Strike 0-1: Swinging Strike 0-2: Strikes out swinging, 2-3 out at first.
|
|
Batting: RHB Boof Howell
|
0-0: Ball 1-0: Ball 2-0: Ball 3-0: Called Strike 3-1: Foul Ball, location: 2F 3-2: Foul Ball, location: 2F 3-2: Base on Balls
|
|
Batting: RHB Jordan Arcidez
|
0-0: Ball Boof Howell steals 2nd base 1-0: Foul Ball, location: 2F 1-1: Foul Ball, location: 2F 1-2: Ball 2-2: Ground out 5-3 (Groundball, 5, EV 104.4 MPH)
|
|
Batting: RHB Masumitsu Sugiura
|
0-0: SINGLE (Line Drive, 8RS, EV 109.4 MPH) Boof Howell to third Runner from 3rd tries for Home, SAFE, throw by CF to home
|
|
Batting: RHB Chris Riddick
|
0-0: Ball Masumitsu Sugiura steals 2nd base 1-0: Called Strike 1-1: Called Strike 1-2: Ball 2-2: Ball 3-2: Foul Ball, location: 2F 3-2: Foul Ball, location: 2F 3-2: Base on Balls
|
|
Batting: LHB Juan Zuniga
|
0-0: Fly out, F8 (Line Drive, 8RD, EV 85.6 MPH)
|
| Bottom of the 2nd over - 1 run, 1 hit, 0 errors, 2 left on base; Great Lakes 0 - Greensboro 1 |
| TOP OF THE 3RD |
|
Great Lakes Loons batting - Pitching for Greensboro Grasshoppers : RHP Earl Shepherd
|
|
Now at SS: Jake Shelton
|
|
|
Now in RF: Wei-guo Tsu
|
|
|
Batting: LHB Antonio Luis
|
0-0: Swinging Strike 0-1: Called Strike 0-2: Foul Ball, location: 2F 0-2: Ball 1-2: Ball 2-2: SINGLE (Groundball, 4D, EV 103.1 MPH)
|
|
Batting: RHB Mike Sims
|
0-0: Ball 1-0: Swinging Strike 1-1: Swinging Strike 1-2: Strikes out swinging
|
|
Batting: LHB Jim Chalk
|
0-0: Hit by Pitch Antonio Luis to second
|
|
Batting: LHB Alberto Chavez
|
0-0: Ball 1-0: Swinging Strike 1-1: Ball 2-1: Ball 3-1: Foul Ball, location: 2F 3-2: Foul Ball, location: 2F 3-2: Base on Balls Antonio Luis to third Jim Chalk to second
|
|
Batting: RHB Ashton Crenshaw
|
0-0: Ball Wild Pitch! Antonio Luis scores Jim Chalk to third Alberto Chavez to second 1-0: Foul Ball, location: 2F 1-1: Ball 2-1: Ball 3-1: Called Strike 3-2: SINGLE (Line Drive, 6D, EV 101.9 MPH) Jim Chalk scores Alberto Chavez to third
|
|
Batting: RHB Phil Knox
|
0-0: Foul Ball, location: 2F 0-1: Ball 1-1: Called Strike 1-2: Ball 2-2: Ball 3-2: Foul Ball, location: 2F 3-2: Foul Ball, location: 2F 3-2: Strikes out swinging
|
|
Batting: RHB Sean Tanner
|
0-0: Foul Ball, location: 2F 0-1: Ball 1-1: DOUBLE (Line Drive, 7LM, EV 112.5 MPH) Alberto Chavez scores Ashton Crenshaw to third Runner from 3rd tries for Home, SAFE, no throw by LF
|
|
Batting: RHB Santos Guadalupe
|
0-0: Ground out 5-3 (Groundball, 56, EV 88.8 MPH)
|
| Top of the 3rd over - 4 runs, 3 hits, 0 errors, 1 left on base; Great Lakes 4 - Greensboro 1 |
| BOTTOM OF THE 3RD |
|
Greensboro Grasshoppers batting - Pitching for Great Lakes Loons : RHP Servaas Morrow
|
|
Batting: RHB Tom Thompson
|
0-0: Ball 1-0: Swinging Strike 1-1: Ball 2-1: Foul Ball, location: 2F 2-2: Strikes out swinging
|
|
Batting: RHB Torquato Obawole
|
0-0: Ground out 4-3 (Groundball, 4M, EV 86.9 MPH)
|
|
Batting: RHB Isaiah Brockman
|
0-0: Ball 1-0: Swinging Strike 1-1: Ball 2-1: Foul Ball, location: 2F 2-2: Ball 3-2: Ground out 5-3 (Groundball, 5, EV 98.1 MPH)
|
| Bottom of the 3rd over - 0 runs, 0 hits, 0 errors, 0 left on base; Great Lakes 4 - Greensboro 1 |
| TOP OF THE 4TH |
|
Great Lakes Loons batting - Pitching for Greensboro Grasshoppers : RHP Earl Shepherd
|
|
Batting: RHB Ken Jenkins
|
0-0: Ball 1-0: Called Strike 1-1: DOUBLE (Flyball, 8RXD, EV 113.1 MPH)
|
|
Batting: LHB Antonio Luis
|
0-0: Ball 1-0: SINGLE (Groundball, 56, EV 96.3 MPH) Ken Jenkins to third Runner from 3rd tries for Home, SAFE, throw by LF to home
|
|
Batting: RHB Mike Sims
|
0-0: Called Strike 0-1: Ball 1-1: Ball 2-1: Foul Ball, location: 2F 2-2: Fly out, F8 (Flyball, 78M, EV 91.3 MPH)
|
|
Batting: LHB Jim Chalk
|
0-0: Ball 1-0: Foul Ball, location: 2F 1-1: Ball 2-1: Ball 3-1: Fielders Choice at 2nd, 4-6 (Groundball, 4S, EV 88.1 MPH)
|
|
Pitching: RHP Reinaart Meyer
|
|
|
Batting: LHB Alberto Chavez
|
0-0: Ball 1-0: Ball 2-0: Ball 3-0: Called Strike 3-1: Base on Balls Jim Chalk to second
|
|
Batting: RHB Ashton Crenshaw
|
0-0: Ground out 3-1 (Groundball, 34S, EV 85.6 MPH)
|
| Top of the 4th over - 1 run, 2 hits, 0 errors, 2 left on base; Great Lakes 5 - Greensboro 1 |
| BOTTOM OF THE 4TH |
|
Greensboro Grasshoppers batting - Pitching for Great Lakes Loons : RHP Servaas Morrow
|
|
Batting: RHB Jake Shelton
|
0-0: Ball 1-0: Fly out, F9 (Flyball, 9LM, EV 92.5 MPH)
|
|
Batting: RHB Wei-guo Tsu
|
0-0: Ball 1-0: Called Strike 1-1: Called Strike 1-2: Ball 2-2: Strikes out looking
|
|
Pitching: RHP Bobby Primaticcio
|
|
|
Batting: RHB Jordan Arcidez
|
0-0: Ball 1-0: Swinging Strike 1-1: Foul Ball, location: 2F 1-2: Ball 2-2: Fly out, F3 (Flyball, 34D, EV 92.5 MPH)
|
| Bottom of the 4th over - 0 runs, 0 hits, 0 errors, 0 left on base; Great Lakes 5 - Greensboro 1 |
| TOP OF THE 5TH |
|
Great Lakes Loons batting - Pitching for Greensboro Grasshoppers : RHP Reinaart Meyer
|
|
Batting: RHB Phil Knox
|
0-0: Foul Ball, location: 2F 0-1: Ball 1-1: Ball 2-1: Ground out 5-3 (Groundball, 56S, EV 61.3 MPH)
|
|
Batting: RHB Sean Tanner
|
0-0: Called Strike 0-1: Ball 1-1: Swinging Strike 1-2: Foul Ball, location: 2F 1-2: Ball 2-2: Strikes out swinging, 2-3 out at first.
|
|
Batting: RHB Santos Guadalupe
|
0-0: Ball 1-0: Called Strike 1-1: Foul Ball, location: 2F 1-2: Ground out 6-3 (Groundball, 56, EV 88.8 MPH)
|
| Top of the 5th over - 0 runs, 0 hits, 0 errors, 0 left on base; Great Lakes 5 - Greensboro 1 |
| BOTTOM OF THE 5TH |
|
Greensboro Grasshoppers batting - Pitching for Great Lakes Loons : RHP Bobby Primaticcio
|
|
Batting: RHB Masumitsu Sugiura
|
0-0: Foul Ball, location: 2F 0-1: Ground out 6-3 (Groundball, 6, EV 93.8 MPH)
|
|
Batting: RHB Chris Riddick
|
0-0: Ball 1-0: Ground out 4-3 (Groundball, 4, EV 85.6 MPH)
|
|
Batting: LHB Juan Zuniga
|
0-0: Ball 1-0: Called Strike 1-1: Called Strike 1-2: Ball 2-2: Ball 3-2: Foul Ball, location: 2F 3-2: Strikes out looking
|
| Bottom of the 5th over - 0 runs, 0 hits, 0 errors, 0 left on base; Great Lakes 5 - Greensboro 1 |
| TOP OF THE 6TH |
|
Great Lakes Loons batting - Pitching for Greensboro Grasshoppers : RHP Reinaart Meyer
|
|
Batting: RHB Ken Jenkins
|
0-0: Called Strike 0-1: Ball 1-1: Called Strike 1-2: Ball 2-2: Ball 3-2: Strikes out swinging
|
|
Batting: LHB Antonio Luis
|
0-0: Ball 1-0: Ball 2-0: Ball 3-0: Base on Balls
|
|
Batting: RHB Mike Sims
|
0-0: Ball 1-0: Foul Ball, location: 2F 1-1: Ball 2-1: Foul Ball, location: 2F 2-2: Foul Ball, location: 2F 2-2: Fly out, F2 (Popup, 2L, EV 93.1 MPH)
|
|
Batting: LHB Jim Chalk
|
0-0: SINGLE (Groundball, 6D, EV 96.3 MPH) Antonio Luis to second
|
|
Batting: LHB Alberto Chavez
|
0-0: Ground out 4-3 (Groundball, 34, EV 102.5 MPH)
|
| Top of the 6th over - 0 runs, 1 hit, 0 errors, 2 left on base; Great Lakes 5 - Greensboro 1 |
| BOTTOM OF THE 6TH |
|
Greensboro Grasshoppers batting - Pitching for Great Lakes Loons : RHP Bobby Primaticcio
|
|
Batting: RHB Tom Thompson
|
0-0: Called Strike 0-1: Ball 1-1: Foul Ball, location: 2F 1-2: Foul Ball, location: 2F 1-2: Ground out 4-3 (Groundball, 4, EV 78.8 MPH)
|
|
Batting: RHB Torquato Obawole
|
0-0: Called Strike 0-1: Ball 1-1: Ball 2-1: Ball 3-1: Base on Balls
|
|
Batting: RHB Isaiah Brockman
|
0-0: Swinging Strike 0-1: Ball 1-1: Called Strike 1-2: Foul Ball, location: 2F 1-2: Foul Ball, location: 2F 1-2: Strikes out swinging
|
|
Batting: RHB Jake Shelton
|
0-0: Called Strike 0-1: Ball 1-1: Ball 2-1: Swinging Strike 2-2: Fly out, F8 (Flyball, 8RM, EV 86.9 MPH)
|
| Bottom of the 6th over - 0 runs, 0 hits, 0 errors, 1 left on base; Great Lakes 5 - Greensboro 1 |
| TOP OF THE 7TH |
|
Great Lakes Loons batting - Pitching for Greensboro Grasshoppers : RHP Reinaart Meyer
|
|
Pitching: LHP Nick Gore
|
|
|
Batting: RHB Ashton Crenshaw
|
0-0: Ball 1-0: Ball 2-0: Swinging Strike 2-1: Fly out, F9 (Flyball, 9S, EV 73.8 MPH)
|
|
Batting: RHB Phil Knox
|
0-0: Ball 1-0: Ball 2-0: Fly out, F7 (Line Drive, 7D, EV 102.5 MPH)
|
|
Batting: RHB Sean Tanner
|
0-0: Called Strike 0-1: Foul Ball, location: 2F 0-2: Ball 1-2: Strikes out looking
|
| Top of the 7th over - 0 runs, 0 hits, 0 errors, 0 left on base; Great Lakes 5 - Greensboro 1 |
| BOTTOM OF THE 7TH |
|
Greensboro Grasshoppers batting - Pitching for Great Lakes Loons : RHP Bobby Primaticcio
|
|
Pitching: RHP George Credle
|
|
|
Batting: RHB Wei-guo Tsu
|
0-0: Ball 1-0: Swinging Strike 1-1: Foul Ball, location: 2F 1-2: Ball 2-2: Ball 3-2: Foul Ball, location: 2F 3-2: Strikes out looking
|
|
Batting: RHB Jordan Arcidez
|
0-0: Ball 1-0: Called Strike 1-1: Foul Ball, location: 2F 1-2: Foul Ball, location: 2F 1-2: Ball 2-2: Ball 3-2: Hit by Pitch
|
|
Batting: RHB Masumitsu Sugiura
|
0-0: Ball 1-0: Called Strike 1-1: Foul Ball, location: 2F 1-2: DOUBLE (Line Drive, 9LD, EV 105.0 MPH) Jordan Arcidez to third
|
|
Batting: RHB Chris Riddick
|
0-0: Ball 1-0: Ball 2-0: Ball 3-0: Base on Balls
|
|
Batting: LHB Juan Zuniga
|
0-0: Foul Ball, location: 2F 0-1: Called Strike 0-2: Ball 1-2: Ball 2-2: Ball 3-2: Strikes out swinging
|
|
Batting: RHB Tom Thompson
|
0-0: Ball 1-0: Foul Ball, location: 2F 1-1: Reached on error, E3 (Groundball, 34, EV 103.8 MPH) Jordan Arcidez scores Masumitsu Sugiura scores Chris Riddick to third
|
|
Batting: RHB Torquato Obawole
|
0-0: Called Strike 0-1: Fly out, F8 (Flyball, 8LD, EV 103.1 MPH)
|
| Bottom of the 7th over - 2 runs, 1 hit, 1 error, 2 left on base; Great Lakes 5 - Greensboro 3 |
| TOP OF THE 8TH |
|
Great Lakes Loons batting - Pitching for Greensboro Grasshoppers : LHP Nick Gore
|
|
Batting: RHB Santos Guadalupe
|
0-0: Fly out, F9 (Flyball, 9LD, EV 91.9 MPH)
|
|
Batting: RHB Ken Jenkins
|
0-0: Foul Ball, location: 2F 0-1: Ball 1-1: Called Strike 1-2: Ball 2-2: Ground out 4-3 (Groundball, 34, EV 80.0 MPH)
|
|
Batting: LHB Antonio Luis
|
0-0: Ball 1-0: Foul Ball, location: 2F 1-1: Foul Ball, location: 2F 1-2: Ball 2-2: Strikes out swinging
|
| Top of the 8th over - 0 runs, 0 hits, 0 errors, 0 left on base; Great Lakes 5 - Greensboro 3 |
| BOTTOM OF THE 8TH |
|
Greensboro Grasshoppers batting - Pitching for Great Lakes Loons : RHP George Credle
|
|
Pitching: RHP Angel Rivas
|
|
|
Batting: RHB Isaiah Brockman
|
0-0: Called Strike 0-1: Ball 1-1: SINGLE (Popup, 6MD, EV 59.4 MPH)
|
|
Batting: RHB Jake Shelton
|
0-0: Swinging Strike 0-1: Called Strike 0-2: Strikes out swinging
|
|
Batting: RHB Wei-guo Tsu
|
0-0: Called Strike 0-1: Ball 1-1: Ball 2-1: Ball 3-1: Called Strike 3-2: Base on Balls Isaiah Brockman to second
|
|
Pitching: RHP Santiago Montero
|
|
|
Batting: RHB Jordan Arcidez
|
0-0: Ball 1-0: Called Strike 1-1: Foul Ball, location: 2F 1-2: Ball 2-2: Strikes out swinging
|
|
Batting: RHB Masumitsu Sugiura
|
0-0: Ball 1-0: Called Strike 1-1: Ball 2-1: Ball 3-1: Foul Ball, location: 2F 3-2: Strikes out swinging
|
| Bottom of the 8th over - 0 runs, 1 hit, 0 errors, 2 left on base; Great Lakes 5 - Greensboro 3 |
| TOP OF THE 9TH |
|
Great Lakes Loons batting - Pitching for Greensboro Grasshoppers : LHP Nick Gore
|
|
Pitching: RHP Tamirat Abboud
|
|
|
Batting: RHB Mike Sims
|
0-0: Ball 1-0: Called Strike 1-1: Ball 2-1: Ground out 1-3 (Groundball, 13, EV 70.6 MPH)
|
|
Batting: LHB Jim Chalk
|
0-0: Ball 1-0: Called Strike 1-1: Fly out, F7 (Flyball, 78S, EV 93.1 MPH)
|
|
Batting: LHB Alberto Chavez
|
0-0: Foul Ball, location: 2F 0-1: Swinging Strike 0-2: Ball 1-2: Ball 2-2: Fly out, F7 (Flyball, 78M, EV 95.6 MPH)
|
| Top of the 9th over - 0 runs, 0 hits, 0 errors, 0 left on base; Great Lakes 5 - Greensboro 3 |
| BOTTOM OF THE 9TH |
|
Greensboro Grasshoppers batting - Pitching for Great Lakes Loons : RHP Santiago Montero
|
|
Pitching: LHP Bill Esten
|
|
|
Batting: RHB Chris Riddick
|
0-0: Ball 1-0: Called Strike 1-1: Foul Ball, location: 2F 1-2: Ball 2-2: Foul Ball, location: 2F 2-2: Foul Ball, location: 2F 2-2: Strikes out swinging
|
|
Pinch Hitting: RHB Natanael Fusquita
|
0-0: Ball 1-0: Ball 2-0: Ball 3-0: Base on Balls
|
|
Batting: RHB Tom Thompson
|
0-0: Hit by Pitch Natanael Fusquita to second
|
|
Batting: RHB Torquato Obawole
|
0-0: Ball 1-0: Called Strike 1-1: Swinging Strike 1-2: Foul Ball, location: 2F 1-2: Fielders Choice at 2nd, 6-4 (Groundball, 6, EV 88.1 MPH) Natanael Fusquita to third
|
|
Batting: RHB Isaiah Brockman
|
0-0: Ball 1-0: Ball 2-0: Ball 3-0: Called Strike 3-1: Base on Balls Torquato Obawole to second
|
|
Batting: RHB Jake Shelton
|
0-0: Called Strike 0-1: Foul Ball, location: 2F 0-2: Foul Ball, location: 2F 0-2: Ball 1-2: Strikes out swinging
|
| Bottom of the 9th over - 0 runs, 0 hits, 0 errors, 3 left on base; Great Lakes 5 - Greensboro 3 |
|